cohdb
Replays
Latest Replays
All Replays
Popular Replays
Top Player Replays
Match Explorer
How It Works
Community
CoH3 Stats
Reddit
Sign in to upload your games and track your stats! →
Sign in with Steam
Match 43949373
Unlisted
Match 43949373
Overview
Messages
Build Orders
End
Engineer Squad
Construct Weapon Support Center
M1919 Machine Gun Team
Selects Heavy Weapons
Sniper
Selects Assault Carriers
Construct Barracks
Selects Assault Carriers
Mechanized Support Center
Riflemen Squad
Construct Medical Station
Grenade Package
M3 Assault Carrier
Bazooka Squad
Selects Exchangeable Parts
Riflemen Squad
Construct Tank Depot
M4A1 Sherman Medium Tank
Riflemen Squad
Riflemen Squad
Engineer Squad
CoS | MataPersonas
Izuku
Serial Chiller
Garrid
Black Dynamite
Blue Semtex
Scorps
Ruttedranger
0
0
Comments
sign in to comment!
No comments posted yet!